 Dungeon Crawl Stone Soup version 0.29.1-15-g9cfb28693d (webtiles) character file.

Game seed: 13269244057813245224

209 H0rd4k the Shooter (level 5, 0/36 HPs)
             Began as an Octopode Artificer on Mar 3, 2023.
             Slain by an iguana (5 damage)
             ... on level 4 of the Dungeon.
             The game lasted 00:01:27 (2951 turns).

H0rd4k the Shooter (Octopode Artificer)             Turns: 2951, Time: 00:01:27

Health: 0/36       AC:  1    Str: 12    XL:     5   Next: 87%
Magic:  8/8        EV: 13    Int: 15    God:
Gold:   204        SH:  0    Dex: 12    Spells: 8/8 levels left

rFire   . . .      SeeInvis .   (no weapon)
rCold   . . .      Faith    .   (no shield)
rNeg    . . .      Spirit   .   (helmet restricted)
rPois   .          Reflect  .   (no amulet)
rElec   .          Harm     .   (no ring)
rCorr   .          Rampage  .   (no ring)
Will    .....                   (no ring)
Stlth   +++.......              (no ring)
HPRegen 0.12/turn               (no ring)
MPRegen 0.11/turn               (no ring)
                                (no ring)
                                (no ring)

@: no status effects
A: almost no armour, amphibious, 8 rings, camouflage 1, gelatinous body 1,
(nimble swimmer 1), tentacles
a: no special abilities


You were on level 4 of the Dungeon.
You visited 1 branch of the dungeon, and saw 4 of its levels.

You collected 204 gold pieces.

Inventory:

Hand Weapons
 f - a +4 sling
Wands
 b - a wand of flame (26) (quivered)
 c - a wand of charming (12)
 d - a wand of iceblast (4)
 q - a wand of mindburst (7)
Scrolls
 e - 3 scrolls of teleportation {unknown}
 g - a scroll of enchant armour {unknown}
 h - 3 scrolls of noise {unknown}
 i - 10 scrolls of identify {unknown}
 k - 2 scrolls of silence {unknown}
 n - a scroll of butterflies {unknown}
 o - 3 scrolls of enchant weapon {unknown}
 p - a scroll of fear {unknown}
Potions
 a - 2 potions of mutation {unknown}
 j - a potion of degeneration {unknown}
 l - a potion of berserk rage {unknown}
 m - 2 potions of cancellation {unknown}


   Skills:
 * Level 2.8 Fighting
 + Level 3.5 Ranged Weapons
 - Level 2.3 Dodging
 - Level 1.3 Stealth
 + Level 0.6 Unarmed Combat
 * Level 2.1 Spellcasting
 - Level 3.2 Evocations


You had 8 spell levels left.
You didn't know any spells.
Your spell library contained the following spells:

 Spells                   Type           Power      Damage    Failure   Level
 Gell's Gravitas          Tloc           1%         N/A       54%         3
 Lesser Beckoning         Tloc           1%         N/A       54%         3
 Teleport Other           Tloc           1%         N/A       54%         3


Dungeon Overview and Level Annotations

Branches:
Dungeon (4/15)
 Temple: D:4-7

Altars:


Innate Abilities, Weirdness & Mutations

You cannot wear most types of armour.
You are amphibious.
You can wear up to eight rings at the same time.
Your skin changes colour to match your surroundings (Stealth+).
Your rubbery body absorbs attacks. (AC +1, EV +1)
((You are camouflaged when in or above water. (Stealth+)))
You have tentacles for arms and can constrict up to eight enemies at once.


Message History

The sling bullet hits the iguana but does no damage.
The iguana is heavily wounded.
An iguana is nearby!
You shoot a sling bullet. The sling bullet hits the iguana.
The iguana is severely wounded.
You shoot a sling bullet.
The sling bullet closely misses the iguana.
The iguana bites you!
An iguana is nearby!
An iguana is nearby!
You shoot a sling bullet.
The sling bullet barely misses the iguana.
The iguana bites you.
You are too injured to fight recklessly!
An iguana is nearby!
An iguana is nearby!
You are too injured to fight recklessly!
You are too injured to fight recklessly!
You are too injured to fight recklessly!
An iguana is nearby!
An iguana is nearby!
An iguana is nearby!
You are too injured to fight recklessly!
You are too injured to fight recklessly!
An iguana is nearby!
An iguana is nearby!
You are too injured to fight recklessly!
You are now empty-tentacled.
You tentacle-slap the iguana but do no damage.
You grab the iguana.
The iguana is severely wounded.
You constrict the iguana. The iguana bites you!
* * * LOW HITPOINT WARNING * * *
You tentacle-slap the iguana but do no damage.
The iguana is severely wounded.
You constrict the iguana. The iguana misses you.
You tentacle-slap the iguana but do no damage.
The iguana is almost dead.
You constrict the iguana. The iguana bites you.
You die...

#.# #.# ### #.# ..#
#.# #...## ######.#
..# #......# #.#
#.....l# #.#
#.....@# #.##
#......## ####..#
#.......# ......##
#.......#
.......######.....#
.....#...# #.#...#
.....###.####.#...#
.......#..##..#...#
.....#)##....##...#


You could see an iguana.

Vanquished Creatures
  A scorpion (D:4)
  A jelly (D:4)
  Ijyb (D:4)
  2 adders (D:3)
  A gnoll (D:3)
  A worm (D:4)
  2 dart slugs (D:4)
  6 ball pythons
  4 endoplasms
  5 giant cockroaches
  6 goblins
  7 hobgoblins
  3 jackals (D:2)
  3 quokkas
  4 bats
  2 frilled lizards (D:2)
  5 kobolds
  7 rats
61 creatures vanquished.

Vanquished Creatures (others)
  A kobold (D:4)
  6 demonic plants (D:1)
  5 fungi (D:1)
  5 plants (D:1)
  6 withered plants (D:1)
23 creatures vanquished.

Grand Total: 84 creatures vanquished

Notes
Turn   | Place    | Note
-------+----------+-------------------------------------------
     0 | D:1      | H0rd4k the Octopode Artificer began the quest for the Orb.
     0 | D:1      | Reached XP level 1. HP: 13/13 MP: 1/1
    39 | D:1      | Found a faded altar of an unknown god.
   368 | D:1      | Reached XP level 2. HP: 9/18 MP: 3/3
   582 | D:1      | Reached skill level 1 in Spellcasting
  1263 | D:2      | Reached XP level 3. HP: 24/24 MP: 4/4
  1519 | D:2      | Reached skill level 1 in Ranged Weapons
  1993 | D:3      | Reached XP level 4. HP: 29/29 MP: 6/6
  2485 | D:4      | Noticed a scorpion
  2493 | D:4      | Killed a scorpion
  2494 | D:4      | Reached XP level 5. HP: 20/35 MP: 7/7
  2707 | D:4      | Noticed Ijyb
  2710 | D:4      | Identified the +9 short sword "Ceciod" {freeze, Int+6}
  2717 | D:4      | Killed Ijyb
  2951 | D:4      | Slain by an iguana

Illustrated notes

Levels and vault maps discovered:
D:1:      amcnicky_arrival_wind_blow, layout_loops_ring,
          shapermc_ecumenical_altar_gd
D:2:      layout_rooms
D:3:      layout_loops_cross, st_stairs_11
D:4:      layout_basic, uniq_ijyb, uniq_sigmund, uniq_menkaure

Skill      XL: |  1  2  3  4  5 |
---------------+----------------+-----
Spellcasting   | 1 2 |  2.1
Ranged Weapons | 1 3 |  3.5
Fighting       | 2 |  2.8
Dodging        | |  2.3
Stealth        | |  1.3
Unarmed Combat | |  0.6
Evocations     | |  3.2

Action                   |  1- 3 |  4- 6 || total
-------------------------+-------+-------++-------
Melee: Unarmed           |    29 |     3 ||    32
       Constrict         |     8 |     1 ||     9
       Tentacles         |     6 |       ||     6
 Fire: Sling             |    93 |    49 ||   142
Evoke: Wand              |       |     4 ||     4
 Stab: Sleeping          |     6 |       ||     6
Armor: Skin              |     9 |     1 ||    10
Dodge: Dodged            |    48 |     7 ||    55
